[Event "December 12 Early 2023"]
[Site "https://www.chess.com"]
[Date "2023.12.12"]
[Round "2"]
[White "Zhigalko, Sergei"]
[Black "Kavyev, Ruslan"]
[Result "1-0"]
[Board "21"]
[TimeControl "180+1"]
[WhiteFideId "13502956"]
[BlackFideId "34110981"]
[WhiteElo "2955"]
[BlackElo "2622"]
[WhiteTeam "BLR"]
[BlackTeam "RUS"]
[WhiteClock "0:02:41"]
[BlackClock "0:01:10"]

1. e4 c5 2. Nf3 d6 3. d4 cxd4 4. Qxd4 Nc6 5. Bb5 Bd7 6. Bxc6 Bxc6 7. Nc3 Nf6 8. Bg5 e6 9. O-O-O Be7 10. Rhe1 Qa5 11. Kb1 O-O 12. Qd2 Qc7 13. Nd4 Rab8 14. f3 Rfd8 15. g4 b5 16. Nce2 Be8 17. Ng3 b4 18. Rg1 a5 19. Nh5 a4 20. Bxf6 gxf6 21. Qh6 1-0

[Event "December 12 Early 2023"]
[Site "https://www.chess.com"]
[Date "2023.12.12"]
[Round "2"]
[White "Jia, Haoxiang"]
[Black "Bok, Benjamin"]
[Result "0-1"]
[Board "22"]
[TimeControl "180+1"]
[WhiteFideId "8602999"]
[BlackFideId "1017063"]
[WhiteElo "2619"]
[BlackElo "2949"]
[WhiteTeam "CHN"]
[BlackTeam "NED"]
[WhiteClock "0:01:00"]
[BlackClock "0:01:10"]

1. d4 Nf6 2. Bf4 d5 3. e3 c5 4. c3 Nc6 5. Nd2 Bf5 6. dxc5 e5 7. Bg5 Bxc5 8. Ngf3 O-O 9. Be2 Qe7 10. O-O Rad8 11. Qa4 h6 12. Bxf6 Qxf6 13. e4 dxe4 14. Nxe4 Bxe4 15. Qxe4 Qe7 16. Rfd1 f5 17. Qc4+ Kh7 18. b4 Bb6 19. a4 e4 20. Ne1 Ne5 21. Qb5 Ng4 22. Rxd8 Qxd8 23. Bxg4 fxg4 24. Qe2 Rxf2 25. Qxe4+ Kh8 26. a5 Rf4+ 27. axb6 Qxb6+ 0-1

[Event "December 12 Early 2023"]
[Site "https://www.chess.com"]
[Date "2023.12.12"]
[Round "2"]
[White "Borgaonkar Akshay"]
[Black "Sychev, Klementy"]
[Result "0-1"]
[Board "23"]
[TimeControl "180+1"]
[WhiteFideId "25639110"]
[BlackFideId "4114060"]
[WhiteElo "2619"]
[BlackElo "2942"]
[WhiteTeam "IND"]
[BlackTeam "FID"]
[WhiteClock "0:00:25"]
[BlackClock "0:00:12"]

1. e4 e5 2. Nf3 Nc6 3. Bb5 a6 4. Ba4 f5 5. d3 fxe4 6. dxe4 Nf6 7. Nc3 Bb4 8. Bb3 Bxc3+ 9. bxc3 d6 10. Ng5 Qe7 11. O-O h6 12. Nf3 Bg4 13. Qd3 Na5 14. Ba3 Nxb3 15. axb3 O-O 16. Nd2 Be6 17. c4 Nh5 18. g3 Qg5 19. Nf3 Qg4 20. Ne1 Rf7 21. Ng2 Rf3 22. Ne3 Qh3 23. Qe2 Rf7 24. f3 Nf6 25. Qg2 Qh5 26. Rad1 Bh3 27. g4 Bxg2 28. gxh5 Bxf1 29. Rxf1 Nxh5 30. Nd5 Raf8 31. c5 Rxf3 32. Rxf3 Rxf3 33. cxd6 cxd6 34. Bxd6 Nf6 35. Bxe5 Nxd5 36. exd5 Rf5 37. Bg3 Rxd5 38. c4 Rd3 39. b4 Rd4 0-1

[Event "December 12 Early 2023"]
[Site "https://www.chess.com"]
[Date "2023.12.12"]
[Round "2"]
[White "Chigaev, Maksim"]
[Black "Janaszak, Dawid"]
[Result "1-0"]
[Board "24"]
[TimeControl "180+1"]
[WhiteFideId "4108116"]
[BlackFideId "1119206"]
[WhiteElo "2939"]
[BlackElo "2616"]
[WhiteTeam "ESP"]
[BlackTeam "POL"]
[WhiteClock "0:00:21"]
[BlackClock "0:00:03"]

1. d4 d5 2. c4 e6 3. Nf3 c5 4. cxd5 exd5 5. g3 Nc6 6. Bg2 Nf6 7. O-O Be7 8. dxc5 Bxc5 9. b3 O-O 10. Bb2 Re8 11. Nc3 h6 12. Rc1 Bf8 13. Nb5 Ne4 14. Nfd4 Bd7 15. e3 Qa5 16. a3 a6 17. b4 Qd8 18. Nxc6 bxc6 19. Nd4 Rc8 20. Rc2 a5 21. Qc1 axb4 22. axb4 Qb6 23. Ba3 Ra8 24. h4 Qa6 25. Bb2 Bxb4 26. Nxc6 Bd2 27. Rxd2 Nxd2 28. Qc3 f6 29. Nb4 Qe2 30. Nxd5 Rac8 31. Nxf6+ Kh8 32. Qd4 Nb3 33. Qxd7 Qxb2 34. Nxe8 Rb8 35. Qf7 Nd2 36. Qf8+ Kh7 37. Qf5+ Kh8 38. Nd6 Nxf1 39. Bxf1 Qf6 40. Qxf6 gxf6 41. Nf5 Kh7 42. h5 Rb2 43. g4 Rb4 44. Kg2 Rxg4+ 45. Ng3 Rg5 46. Bd3+ Kh8 47. Bf5 Rg7 48. Bg6 Re7 49. Nf5 Re4 50. Nxh6 Rh4 51. Kg3 Rh1 52. Nf5 Kg8 53. f3 Kh8 54. Kf4 Rh4+ 55. Nxh4 1-0

[Event "December 12 Early 2023"]
[Site "https://www.chess.com"]
[Date "2023.12.12"]
[Round "2"]
[White "Kovalenko, Igor"]
[Black "Mendez Fortes, Eduardo Jesus"]
[Result "1-0"]
[Board "25"]
[TimeControl "180+1"]
[WhiteFideId "14117908"]
[BlackFideId "3502376"]
[WhiteElo "2925"]
[BlackElo "2611"]
[WhiteTeam "UKR"]
[BlackTeam "CUB"]
[WhiteClock "0:01:24"]
[BlackClock "0:01:34"]

1. c4 e6 2. g3 Nf6 3. Bg2 d5 4. Nf3 dxc4 5. Qa4+ Nbd7 6. Qxc4 a6 7. Qc2 c5 8. a4 Bd6 9. a5 Qc7 10. O-O O-O 11. d3 e5 12. Nbd2 Nd5 13. Nc4 Nb4 14. Qb3 Nc6 15. e3 Re8 16. Bd2 Rb8 17. Ng5 Nf6 18. Qb6 Qxb6 19. axb6 Bf5 20. Bxc6 bxc6 21. e4 Bc8 22. Nxd6 Rd8 23. Nxc8 Rdxc8 24. Rxa6 Rd8 25. Bc3 Nd7 26. Nf3 f6 27. b7 Rxb7 28. Rxc6 Kf7 29. Ra1 Nf8 30. Rxc5 Rxd3 31. Kg2 Ne6 32. Rc8 Rdd7 33. h4 h6 34. h5 Rb5 35. Raa8 Nc5 36. Rf8+ Ke6 37. Rfe8+ Kf7 38. Bxe5 Nxe4 39. Rab8 Rbd5 40. Bf4 Rc5 41. Rxe4 1-0

[Event "December 12 Early 2023"]
[Site "https://www.chess.com"]
[Date "2023.12.12"]
[Round "2"]
[White "Durarbayli, Vasif"]
[Black "Lamaze, Simon"]
[Result "0-1"]
[Board "26"]
[TimeControl "180+1"]
[WhiteFideId "13402935"]
[BlackFideId "36069264"]
[WhiteElo "2921"]
[BlackElo "2611"]
[WhiteTeam "AZE"]
[BlackTeam "FRA"]
[WhiteClock "0:00:00"]
[BlackClock "0:01:28"]

1. e4 c6 2. d4 d5 3. e5 Bf5 4. h4 h5 5. c4 e6 6. Nc3 Ne7 7. Nge2 Nd7 8. Ng3 Bg6 9. Bd3 dxc4 10. Bxc4 Nd5 11. Bxd5 cxd5 12. Bg5 Qb6 13. Qd2 Bb4 14. O-O Qa6 15. Nge2 Qd3 16. Qf4 Nb6 17. Rfd1 Qf5 18. Qxf5 Bxf5 19. Nb5 Kd7 20. a3 Bf8 21. Rac1 Nc4 22. b3 a6 23. bxc4 axb5 24. cxd5 Bxa3 25. Rc3 Rhc8 26. dxe6+ fxe6 27. d5 Rxc3 28. Nxc3 b4 29. dxe6+ Kxe6 30. Nb5 Rc8 31. f4 Rc1 32. Nd4+ Kd5 33. Rxc1 Bxc1 34. Nxf5 b3 35. e6 b2 36. e7 b1=Q 37. e8=Q Bxf4+ 38. Kf2 Qxf5 39. Qd8+ Bd6+ 40. Ke2 Qe4+ 41. Kf2 g6 42. Qg8+ Qe6 43. Qc8 Qxc8 0-1

[Event "December 12 Early 2023"]
[Site "https://www.chess.com"]
[Date "2023.12.12"]
[Round "2"]
[White "Indjic, Aleksandar"]
[Black "Skatchkov, Valery"]
[Result "0-1"]
[Board "27"]
[TimeControl "180+1"]
[WhiteFideId "911925"]
[BlackFideId "24195812"]
[WhiteElo "2916"]
[BlackElo "2609"]
[WhiteTeam "SRB"]
[BlackTeam "RUS"]
[WhiteClock "0:01:00"]
[BlackClock "0:00:13"]

1. Nf3 d5 2. e3 c5 3. b3 Nf6 4. Bb2 g6 5. Bb5+ Bd7 6. Bxf6 exf6 7. Bxd7+ Qxd7 8. d4 cxd4 9. Nxd4 Nc6 10. O-O Bg7 11. c3 O-O 12. Nd2 f5 13. N2f3 Rac8 14. Rc1 Rfd8 15. g3 h6 16. Qd2 Qc7 17. Rfd1 Qa5 18. Kg2 Kh7 19. h4 Bf6 20. Rc2 Kg7 21. Rdc1 Qc5 22. Qd3 Qe7 23. Rd1 Qe4 24. Kg1 Qg4 25. Qe2 Bxd4 26. cxd4 f4 27. exf4 Re8 28. Ne5 Qxe2 29. Rxe2 f6 30. Kg2 fxe5 31. dxe5 Rcd8 32. Kf3 h5 33. Red2 Kf7 34. Rxd5 Rxd5 35. Rxd5 Rd8 36. Rxd8 Nxd8 37. Ke4 Ke6 38. f3 Nc6 39. g4 Ne7 40. Kd4 b6 41. Ke4 a6 42. a3 a5 43. a4 Nc6 44. f5+ gxf5+ 45. gxf5+ Ke7 46. f4 Kf7 47. f6 Ke6 48. f5+ Kf7 49. Kd5 Nb4+ 50. Kd6 Nd3 51. Kd5 Nc5 52. Kc6 Nxb3 53. Kd6 Nd4 54. e6+ Kxf6 55. e7 Nxf5+ 56. Kc6 Kxe7 57. Kxb6 Nxh4 58. Kxa5 Nf5 59. Kb6 h4 60. a5 Nd6 61. a6 h3 62. a7 Nc8+ 0-1

[Event "December 12 Early 2023"]
[Site "https://www.chess.com"]
[Date "2023.12.12"]
[Round "2"]
[White "Novikov, Evgenij"]
[Black "Rasulov, Vugar"]
[Result "0-1"]
[Board "28"]
[TimeControl "180+1"]
[WhiteFideId "4125380"]
[BlackFideId "13402390"]
[WhiteElo "2607"]
[BlackElo "2913"]
[WhiteTeam "RUS"]
[BlackTeam "AZE"]
[WhiteClock "0:00:00"]
[BlackClock "0:00:52"]

1. e4 c5 2. Nf3 e6 3. d3 Nc6 4. g3 d5 5. Nbd2 Bd6 6. Bg2 Nf6 7. O-O O-O 8. Re1 Bc7 9. Qe2 b6 10. h3 Ba6 11. exd5 exd5 12. Qd1 Re8 13. Nf1 h6 14. Ne3 Bc8 15. Nh2 Be6 16. Nhg4 Nxg4 17. hxg4 Qd7 18. Bd2 Rad8 19. Nf5 Bxf5 20. gxf5 Rxe1+ 21. Bxe1 Qxf5 22. Qf3 Qe6 23. c3 Ne5 24. Qe2 Re8 25. Bd2 c4 26. dxc4 Nxc4 27. Qxe6 fxe6 28. Bc1 Be5 29. Rb1 Bf6 30. Bf1 Kf7 31. Bxc4 dxc4 32. Be3 Rd8 33. Kf1 h5 34. Ke2 g5 35. Rh1 Kg6 36. a3 Rd7 37. Rh2 b5 38. Rh1 a6 39. Rh2 e5 40. Rh1 e4 41. Rh2 Rh7 42. Rh1 Kf5 43. f3 exf3+ 44. Kxf3 g4+ 45. Kg2 Re7 46. Kf2 Kg6 47. Rd1 Be5 0-1

[Event "December 12 Early 2023"]
[Site "https://www.chess.com"]
[Date "2023.12.12"]
[Round "2"]
[White "Zakhartsov, Vladimir"]
[Black "NikaVolkov"]
[Result "1-0"]
[Board "29"]
[TimeControl "180+1"]
[WhiteFideId "4145097"]
[WhiteElo "2910"]
[BlackElo "2606"]
[WhiteTeam "RUS"]
[WhiteClock "0:00:55"]
[BlackClock "0:00:04"]

1. d4 e6 2. c4 d5 3. Nf3 Nf6 4. Nc3 Be7 5. Bf4 O-O 6. e3 c5 7. dxc5 Bxc5 8. a3 Nc6 9. Qc2 Qe7 10. Rd1 Rd8 11. Bd3 d4 12. exd4 Nxd4 13. Nxd4 Bxd4 14. O-O h6 15. Nb5 e5 16. Bg3 Nh5 17. Rfe1 Nxg3 18. hxg3 Bg4 19. Bh7+ Kh8 20. Rxd4 Rxd4 21. Nxd4 Qg5 22. Nf3 Bxf3 23. gxf3 g6 24. Bxg6 fxg6 25. Qe4 Re8 26. f4 Qh5 27. fxe5 Re7 28. e6 Kh7 29. b4 b6 30. Qf4 Kg8 31. Qf6 1-0

[Event "December 12 Early 2023"]
[Site "https://www.chess.com"]
[Date "2023.12.12"]
[Round "2"]
[White "Banzea, Alexandru-Bogdan"]
[Black "Kovalev, Vladislav"]
[Result "0-1"]
[Board "30"]
[TimeControl "180+1"]
[WhiteFideId "1232622"]
[BlackFideId "13504398"]
[WhiteElo "2605"]
[BlackElo "2907"]
[WhiteTeam "ROU"]
[BlackTeam "FID"]
[WhiteClock "0:00:00"]
[BlackClock "0:00:44"]

1. d4 Nf6 2. Nc3 d5 3. Bf4 a6 4. e3 b5 5. a3 e6 6. b4 Be7 7. Nf3 O-O 8. Bd3 a5 9. Nxb5 c6 10. Nc3 axb4 11. axb4 Ba6 12. Bxb8 Bxb4 13. O-O Bxc3 14. Rxa6 Rxa6 15. Bxa6 Qxb8 16. Qb1 Ne4 17. Bd3 c5 18. dxc5 Nxc5 19. Qa2 Qb4 20. Rb1 Qa4 21. Qxa4 Nxa4 22. e4 dxe4 23. Bxe4 f5 24. Bd3 Nb2 25. Rf1 e5 26. Bb5 e4 27. Ne1 Rd8 28. g3 Rd2 29. Bc6 g6 30. h4 Kg7 31. Bb7 Kf6 32. Ba6 Ke5 33. Bb5 h6 34. Ng2 Bd4 35. Ne3 Bxe3 36. fxe3 Nd1 37. Re1 Nc3 38. Bf1 Rxc2 39. Ra1 Ra2 0-1

[Event "December 12 Early 2023"]
[Site "https://www.chess.com"]
[Date "2023.12.12"]
[Round "2"]
[White "Harsha Bharathakoti"]
[Black "Maltsevskaya, Aleksandra"]
[Result "1-0"]
[Board "31"]
[TimeControl "180+1"]
[WhiteFideId "5078776"]
[BlackFideId "24174041"]
[WhiteElo "2906"]
[BlackElo "2604"]
[WhiteTeam "IND"]
[BlackTeam "POL"]
[WhiteClock "0:00:13"]
[BlackClock "0:00:00"]

1. e4 c6 2. Nc3 d5 3. Qf3 e6 4. d4 dxe4 5. Qxe4 Nf6 6. Qh4 Be7 7. Nf3 Nbd7 8. Bd3 b6 9. O-O Bb7 10. Ne5 Nxe5 11. dxe5 Nd5 12. Qg3 Nxc3 13. Qxg7 Rf8 14. bxc3 Qc7 15. Be4 O-O-O 16. Bf4 c5 17. Bxb7+ Qxb7 18. Qxh7 Rg8 19. Bg3 Bg5 20. Rad1 Rdf8 21. Rfe1 Bf4 22. Qe4 Bxg3 23. fxg3 Qxe4 24. Rxe4 Kc7 25. c4 a6 26. a4 Rd8 27. Rd3 Kc6 28. Kf2 b5 29. axb5+ axb5 30. cxb5+ Kxb5 31. Ke3 Ra8 32. Rf4 Rg5 33. Rxf7 Rxe5+ 34. Kf2 c4 35. Re3 Rd5 36. Rxe6 Ra2 37. Re2 c3 38. Rc7 1-0

[Event "December 12 Early 2023"]
[Site "https://www.chess.com"]
[Date "2023.12.12"]
[Round "2"]
[White "Ashraf, Artin"]
[Black "Principe, Gerson"]
[Result "1-0"]
[Board "32"]
[TimeControl "180+1"]
[WhiteFideId "22514805"]
[BlackFideId "3804550"]
[WhiteElo "2903"]
[BlackElo "2598"]
[WhiteTeam "IRI"]
[BlackTeam "PER"]
[WhiteClock "0:01:10"]
[BlackClock "0:00:07"]

1. e4 c6 2. d3 d5 3. Nf3 Bg4 4. Nbd2 e6 5. Be2 Nf6 6. Ne5 Bxe2 7. Qxe2 Be7 8. O-O O-O 9. Nef3 a5 10. a4 Na6 11. c3 Qc7 12. Re1 Rfe8 13. Nf1 b5 14. e5 Nd7 15. d4 b4 16. Ng3 c5 17. Bg5 Bf8 18. Nh5 bxc3 19. bxc3 cxd4 20. cxd4 Nb4 21. Rac1 Qb7 22. Rc3 Rac8 23. Re3 Nc2 24. Nh4 Nxe3 25. fxe3 g6 26. Rf1 h6 27. Qf3 f5 28. exf6 Kf7 29. Nxg6 Bd6 30. Bxh6 Rg8 31. Ng7 Qb2 32. Qh5 Nxf6 33. Ne5+ 1-0

[Event "December 12 Early 2023"]
[Site "https://www.chess.com"]
[Date "2023.12.12"]
[Round "2"]
[White "Al-Tarboush, Ward"]
[Black "Mitrabha, Guha"]
[Result "0-1"]
[Board "33"]
[TimeControl "180+1"]
[WhiteFideId "7601450"]
[BlackFideId "5057000"]
[WhiteElo "2598"]
[BlackElo "2900"]
[WhiteTeam "NOR"]
[BlackTeam "IND"]
[WhiteClock "0:00:32"]
[BlackClock "0:00:55"]

1. Nc3 d5 2. d4 Nf6 3. Nf3 c5 4. e3 cxd4 5. exd4 Nc6 6. Bb5 Bg4 7. O-O e6 8. h3 Bh5 9. g4 Bg6 10. Ne5 Rc8 11. f4 Bd6 12. Be3 O-O 13. h4 Be4 14. g5 Nd7 15. Nxe4 dxe4 16. h5 Nb6 17. g6 f5 18. gxh7+ Kxh7 19. c4 Qh4 20. Kg2 Bxe5 21. dxe5 Rfd8 22. Qe2 Nd4 23. Bxd4 Rxd4 24. Rh1 Qxf4 25. Raf1 Qg5+ 26. Kh3 Rd3+ 27. Qxd3 exd3 28. Rhg1 Qe3+ 29. Rg3 Qe2 30. Rfg1 Rc7 31. c5 Nd5 32. Be8 Nf4+ 33. Kh4 Qh2+ 34. Kg5 Nh3+ 35. Rxh3 Qxg1+ 36. Kf4 Qg4+ 37. Ke3 Qxh3+ 0-1

[Event "December 12 Early 2023"]
[Site "https://www.chess.com"]
[Date "2023.12.12"]
[Round "2"]
[White "Galchenko, Matvey"]
[Black "Tologon tegin, Semetei"]
[Result "0-1"]
[Board "34"]
[TimeControl "180+1"]
[WhiteFideId "24175480"]
[BlackFideId "13800574"]
[WhiteElo "2899"]
[BlackElo "2597"]
[WhiteTeam "FID"]
[BlackTeam "KGZ"]
[WhiteClock "0:00:06"]
[BlackClock "0:00:22"]

1. e4 e5 2. Nf3 Nc6 3. d4 exd4 4. c3 d3 5. Bxd3 Bc5 6. O-O d6 7. Nbd2 Nf6 8. b4 Bb6 9. Nc4 Bg4 10. h3 Bh5 11. a4 a5 12. Nxb6 cxb6 13. b5 Ne5 14. Be2 O-O 15. Bg5 h6 16. Bxf6 Qxf6 17. Nxe5 Bxe2 18. Nd7 Qe7 19. Qxe2 Qxd7 20. Rfd1 Qc7 21. Qe3 Rac8 22. Rd3 Rfe8 23. f3 f5 24. Rad1 fxe4 25. fxe4 Re6 26. Qd4 Rce8 27. Re3 Qc5 28. Kh2 Rg6 29. Rf3 Re5 30. Qd3 Reg5 31. Rd2 Qe5+ 32. Kg1 Kh7 33. Qd4 Qc5 34. Qxc5 bxc5 35. c4 Re5 36. Rf4 Rge6 37. Re2 Kg8 38. Kf2 g5 39. Rg4 Kf7 40. Kf3 Ke7 41. Re3 Kd7 42. Ke2 Re7 43. Kd3 R5e6 44. Rgg3 Rf6 45. Rgf3 Ref7 46. e5 dxe5 47. Rxf6 Rxf6 48. Rxe5 b6 49. Ke4 Rf4+ 50. Kd3 Rf2 51. Re3 Rxg2 52. Rf3 Ke6 53. Re3+ Kd6 54. Rf3 Ke5 55. Re3+ Kf5 56. Rf3+ Kg6 57. Ke4 Re2+ 58. Kd5 h5 59. Kc6 g4 60. hxg4 hxg4 61. Rf8 Re6+ 62. Kd5 Rf6 63. Rg8+ Kf5 64. Rg7 Kf4 65. Rg8 g3 66. Rg7 Kf3 67. Ke5 Rh6 68. Rf7+ Ke3 69. Rg7 Kf2 70. Kf4 g2 71. Ke4 g1=Q 0-1

[Event "December 12 Early 2023"]
[Site "https://www.chess.com"]
[Date "2023.12.12"]
[Round "2"]
[White "Lund, Gunnar"]
[Black "Riehle, Marco"]
[Result "0-1"]
[Board "35"]
[TimeControl "180+1"]
[WhiteFideId "1520814"]
[BlackFideId "12904392"]
[WhiteElo "2597"]
[BlackElo "2895"]
[WhiteTeam "NOR"]
[BlackTeam "GER"]
[WhiteClock "0:00:40"]
[BlackClock "0:00:16"]

1. d4 d5 2. c4 e6 3. g3 Nf6 4. Bg2 dxc4 5. Nf3 Bb4+ 6. Bd2 a5 7. O-O O-O 8. a3 Bxd2 9. Nbxd2 b5 10. a4 c6 11. Ne5 Ra6 12. e3 Nd5 13. Ne4 Nd7 14. Nxd7 Bxd7 15. Nc5 Ra7 16. e4 Nf6 17. f4 Qb6 18. g4 Rd8 19. g5 Ne8 20. f5 e5 21. g6 Bc8 22. f6 hxg6 23. axb5 Rxd4 24. Na4 Rxd1+ 25. Nxb6 Rxf1+ 26. Bxf1 Rc7 27. bxc6 Rxc6 28. Nd5 Rc5 29. fxg7 Kxg7 30. Rc1 Nd6 31. b3 Nxe4 32. bxc4 Be6 33. Rd1 Bxd5 34. cxd5 Nd6 35. Re1 Rxd5 36. Kf2 f5 37. Rc1 Kf6 38. Rc6 e4 39. Ke3 Ke5 40. Ra6 f4+ 41. Kf2 g5 42. Bh3 e3+ 43. Ke1 f3 44. Ra8 Ne4 45. Re8+ Kd4 46. Bg4 f2+ 47. Ke2 Rb5 48. Rd8+ Ke5 49. Bh3 g4 50. Bg2 Rb2+ 51. Kxe3 Nf6 52. Ra8 Nd5+ 53. Bxd5 f1=Q 54. Rxa5 Qe1+ 55. Kd3 Qxa5 56. h3 Qd2+ 57. Kc4 Qxd5+ 58. Kc3 Qd4# 0-1

[Event "December 12 Early 2023"]
[Site "https://www.chess.com"]
[Date "2023.12.12"]
[Round "2"]
[White "Onyshchuk, Volodymyr"]
[Black "Tasev, Dejan"]
[Result "1/2-1/2"]
[Board "36"]
[TimeControl "180+1"]
[WhiteFideId "14114038"]
[BlackFideId "936618"]
[WhiteElo "2892"]
[BlackElo "2589"]
[WhiteTeam "UKR"]
[BlackTeam "SRB"]
[WhiteClock "0:00:16"]
[BlackClock "0:00:12"]

1. e4 e5 2. Nf3 Nc6 3. Bb5 a6 4. Ba4 Nf6 5. d3 b5 6. Bb3 Be7 7. O-O O-O 8. Nc3 Bb7 9. a3 d6 10. Bd2 Na5 11. Ba2 c5 12. b4 Nc6 13. Nd5 Nxd5 14. Bxd5 Qc7 15. c4 bxc4 16. dxc4 Nd4 17. bxc5 dxc5 18. Rb1 Bxd5 19. cxd5 Rfb8 20. Qa4 Rxb1 21. Rxb1 c4 22. Ba5 Nxf3+ 23. gxf3 Qc8 24. Kg2 f5 25. exf5 Qxf5 26. Qc6 Rf8 27. Qe6+ Qxe6 28. dxe6 Bxa3 29. Rb6 Rc8 30. Bc3 Kf8 31. Rxa6 Bc5 32. Bxe5 Ke7 33. f4 g6 34. Kf3 Bb4 35. Ke4 c3 36. f5 gxf5+ 37. Kxf5 c2 38. Ra7+ Ke8 39. Bb2 c1=Q 40. Bxc1 Rxc1 41. Rxh7 Rf1 42. f4 Bd2 43. Rh4 Ke7 44. Rh7+ Ke8 45. Rh8+ Ke7 46. Rh7+ Ke8 1/2-1/2

[Event "December 12 Early 2023"]
[Site "https://www.chess.com"]
[Date "2023.12.12"]
[Round "2"]
[White "Rakhmanov, Aleksandr"]
[Black "Cremisi, Daniel"]
[Result "0-1"]
[Board "37"]
[TimeControl "180+1"]
[WhiteFideId "4173708"]
[BlackFideId "2089882"]
[WhiteElo "2891"]
[BlackElo "2588"]
[WhiteTeam "FID"]
[BlackTeam "USA"]
[WhiteClock "0:00:00"]
[BlackClock "0:00:32"]

1. d4 d5 2. c4 c6 3. cxd5 cxd5 4. Nf3 Nf6 5. Nc3 Nc6 6. Bf4 e6 7. e3 Bd6 8. Bg3 O-O 9. Bd3 Qe7 10. Ne5 Nd7 11. f4 f5 12. O-O Nf6 13. Bh4 Qe8 14. Nb5 Bb8 15. Rc1 Ne4 16. Rf3 Bd7 17. Nc3 Nxe5 18. dxe5 Bc6 19. Rh3 Bc7 20. Ne2 Bb6 21. Nd4 Bxd4 22. exd4 Rc8 23. Be1 Qd7 24. Qh5 g6 25. Qd1 Bb5 26. Bb1 Rxc1 27. Qxc1 Rc8 28. Qd1 Qc7 29. Bc3 Qc4 30. Re3 Ba6 31. h3 b5 32. Kh2 b4 33. Bd3 Qc6 34. Bxa6 Qxa6 35. Bxb4 Qxa2 36. Ba3 Qc4 37. h4 h5 38. Rf3 Qb5 39. Qb3 Qc6 40. Qb4 Qc7 41. Rb3 Qd8 42. Qb7 Qxh4+ 43. Rh3 Qxf4+ 0-1

[Event "December 12 Early 2023"]
[Site "https://www.chess.com"]
[Date "2023.12.12"]
[Round "2"]
[White "Kuzmin, Roman"]
[Black "Demchenko, Anton"]
[Result "0-1"]
[Board "38"]
[TimeControl "180+1"]
[WhiteFideId "44134932"]
[BlackFideId "4160258"]
[WhiteElo "2582"]
[BlackElo "2887"]
[WhiteTeam "RUS"]
[BlackTeam "SLO"]
[WhiteClock "0:00:01"]
[BlackClock "0:00:05"]

1. e4 e5 2. Nf3 Nc6 3. Bb5 a6 4. Ba4 Nge7 5. Nc3 d6 6. O-O h6 7. d4 b5 8. Bb3 Nxd4 9. Nxd4 exd4 10. Ne2 c5 11. a4 Bb7 12. Ng3 g6 13. c3 dxc3 14. bxc3 Bg7 15. Bf4 c4 16. Bc2 O-O 17. Qd2 h5 18. axb5 axb5 19. Rxa8 Bxa8 20. Rb1 Bc6 21. Bh6 Nc8 22. Bxg7 Kxg7 23. f4 Qb6+ 24. Kh1 h4 25. Nf1 Qc5 26. Re1 Re8 27. f5 Qe5 28. Ne3 h3 29. Ng4 hxg2+ 30. Kg1 Qc5+ 31. Kxg2 Qxf5 32. Qh6+ Kg8 33. Qh4 Rxe4 34. Nh6+ Kf8 35. Qd8+ Re8+ 36. Kg3 Rxd8 37. Nxf5 gxf5 0-1

[Event "December 12 Early 2023"]
[Site "https://www.chess.com"]
[Date "2023.12.12"]
[Round "2"]
[White "Assylov, Miras"]
[Black "Steinberg, Nitzan"]
[Result "0-1"]
[Board "39"]
[TimeControl "180+1"]
[WhiteFideId "13728873"]
[BlackFideId "2801795"]
[WhiteElo "2582"]
[BlackElo "2883"]
[WhiteTeam "KAZ"]
[BlackTeam "ISR"]
[WhiteClock "0:00:00"]
[BlackClock "0:01:00"]

1. b3 d5 2. Bb2 Bg4 3. f3 Bf5 4. e4 dxe4 5. Qe2 Nc6 6. fxe4 Bg6 7. Nf3 Nf6 8. d3 a5 9. a3 e6 10. Nbd2 Bc5 11. O-O-O Qe7 12. Nc4 b5 13. d4 bxc4 14. dxc5 cxb3 15. Qb5 O-O 16. Qxc6 bxc2 17. Re1 Rab8 18. Bd3 Nd7 19. Bxc2 Nxc5 20. Ne5 Rb6 21. Bd4 Rxc6 22. Nxc6 Qd6 0-1

[Event "December 12 Early 2023"]
[Site "https://www.chess.com"]
[Date "2023.12.12"]
[Round "2"]
[White "Espinoza Villanueva, Rodrigo"]
[Black "Szpar, Milosz"]
[Result "0-1"]
[Board "40"]
[TimeControl "180+1"]
[WhiteFideId "5140188"]
[BlackFideId "1184989"]
[WhiteElo "2582"]
[BlackElo "2880"]
[WhiteTeam "MEX"]
[BlackTeam "POL"]
[WhiteClock "0:02:13"]
[BlackClock "0:02:07"]

1. Nf3 d5 2. g3 c6 3. Bg2 Bf5 4. d3 h6 5. O-O e6 6. c4 Nf6 7. b3 Nbd7 8. Bb2 Bh7 9. Nbd2 Be7 10. a3 a5 11. Ra2 O-O 12. Qa1 b5 13. Nd4 Qb6 14. cxb5 cxb5 15. a4 b4 16. Nb5 Rac8 17. Bd4 Bc5 18. Bxc5 Rxc5 19. Rc1 Rfc8 20. Rac2 Rxc2 0-1

[Event "December 12 Early 2023"]
[Site "https://www.chess.com"]
[Date "2023.12.12"]
[Round "2"]
[White "Hajiyev, Kanan"]
[Black "Shankland, Sam"]
[Result "0-1"]
[Board "41"]
[TimeControl "180+1"]
[WhiteFideId "13404148"]
[BlackFideId "2004887"]
[WhiteElo "2580"]
[BlackElo "2877"]
[WhiteTeam "AZE"]
[BlackTeam "USA"]
[WhiteClock "0:00:05"]
[BlackClock "0:00:31"]

1. d4 d5 2. c4 c6 3. cxd5 cxd5 4. Nc3 Nf6 5. Nf3 Nc6 6. Bg5 Ne4 7. Bf4 Nxc3 8. bxc3 e6 9. e3 Bd6 10. Bd3 Qc7 11. Bxd6 Qxd6 12. O-O Bd7 13. c4 dxc4 14. Bxc4 O-O 15. Rb1 b6 16. Qe2 Rac8 17. Rfd1 Na5 18. Ba6 Rc7 19. Ne5 Bc8 20. Bd3 Bb7 21. Qh5 g6 22. Qh6 Nc6 23. Nf3 f6 24. Rbc1 Rfc8 25. h4 Nd8 26. Rxc7 Qxc7 27. h5 Nf7 28. Qf4 Qxf4 29. exf4 Bxf3 30. gxf3 f5 31. hxg6 hxg6 32. Re1 Rc6 33. Kg2 Kg7 34. Kg3 Kf6 35. Bb5 Rd6 36. Rd1 Nd8 37. a4 Nc6 38. d5 Ne7 39. Bc4 Nxd5 40. Bxd5 Rxd5 41. Rc1 Rd4 42. Ra1 a5 43. Ra2 Rb4 44. Ra1 Ke7 45. Ra2 Kd6 46. Rd2+ Kc5 47. Rc2+ Rc4 48. Ra2 b5 49. axb5 Kxb5 50. Re2 a4 51. Rxe6 a3 52. Re5+ Kb4 53. Re6 Rc5 54. Rb6+ Rb5 55. Ra6 Ra5 56. Rb6+ Ka4 57. Rb1 a2 58. Ra1 Kb3 59. Kh4 Kb2 60. Re1 a1=Q 61. Rxa1 Kxa1 62. Kg5 0-1

[Event "December 12 Early 2023"]
[Site "https://www.chess.com"]
[Date "2023.12.12"]
[Round "2"]
[White "Ilamparthi A R"]
[Black "Taboas Rodriguez, Daniel"]
[Result "1-0"]
[Board "42"]
[TimeControl "180+1"]
[WhiteFideId "45015775"]
[BlackFideId "2208466"]
[WhiteElo "2877"]
[BlackElo "2580"]
[WhiteTeam "IND"]
[BlackTeam "ESP"]
[WhiteClock "0:00:17"]
[BlackClock "0:00:00"]

1. e4 e5 2. Nf3 Nc6 3. d3 Nf6 4. g3 d5 5. exd5 Nxd5 6. Bg2 Bc5 7. O-O O-O 8. Re1 Re8 9. Nc3 Nxc3 10. bxc3 Bg4 11. h3 Bh5 12. Rb1 Bb6 13. Qe2 f5 14. Qf1 Qd6 15. Nd2 Rad8 16. Nc4 Qf6 17. a4 Bf7 18. Nxb6 axb6 19. Bd2 Bd5 20. Bxd5+ Rxd5 21. Qg2 Rd7 22. Rb5 Red8 23. Bc1 e4 24. d4 Na5 25. g4 fxg4 26. Bg5 gxh3 27. Bxf6 hxg2 28. Bxd8 Rxd8 29. Rxe4 Rd7 30. Kxg2 Nc4 31. Re1 g6 32. Kg3 Kg7 33. f4 Kf6 34. Kg4 Nd6 35. Rbe5 Nf5 36. Re6+ Kf7 37. R6e5 Kf6 38. a5 h5+ 39. Kf3 bxa5 40. Rxa5 Rd6 41. Ra8 Rc6 42. Ra3 b6 43. Re5 Rc4 44. Ke4 Nd6+ 45. Kd5 b5 46. Ra8 Rxc3 47. Rf8+ Kg7 48. Rd8 Rxc2 49. Rd7+ Kf6 50. Ree7 Kf5 51. Rxc7 Rxc7 52. Rxc7 Nc4 53. Rf7+ Kg4 54. Kc5 1-0